 Dungeon Crawl Stone Soup version 0.30.0-5-g1a98f26d00 (webtiles) character file.

Game seed: 17426610234724041934

204 Esekla the Grave Robber (level 5, -2/33 HPs)
             Began as an Octopode Necromancer on May 10, 2023.
             Slain by a hobgoblin (4 damage)
             ... on level 4 of the Dungeon.
             The game lasted 00:15:30 (2750 turns).

Esekla the Grave Robber (Octopode Necromancer)      Turns: 2750, Time: 00:15:30

Health: -2/33      AC:  1    Str:  7    XL:     5   Next: 82%
Magic:  5/8        EV: 13    Int: 19    God:
Gold:   205        SH:  0    Dex: 13    Spells: 2/9 levels left

rFire   . . .        a - +2 long sword (flame)
rCold   . . .        (no shield)
rNeg    . . .        (helmet restricted)
rPois   .            (no amulet)
rElec   .            (no ring)
rCorr   .            (no ring)
SInv    .            (no ring)
Will    .....        (no ring)
Stlth   +++          (no ring)
HPRegen 0.25/turn    (no ring)
MPRegen 0.11/turn    (no ring)
                     (no ring)

%: no passive effects
@: no status effects
A: almost no armour, amphibious, 8 rings, camouflage 1, gelatinous body 1,
(nimble swimmer 1), tentacles
a: no special abilities


You were on level 4 of the Dungeon.
You visited 1 branch of the dungeon, and saw 4 of its levels.

You collected 205 gold pieces.

Inventory:

Hand Weapons
 a - a +2 long sword of flaming (weapon)
 r - a +0 spear
 s - a +0 dagger
Armour
 v - a +0 buckler
Scrolls
 c - a scroll of fear {unknown}
 f - a scroll of vulnerability {unknown}
 g - 3 scrolls of teleportation {unknown}
 h - 2 scrolls of enchant armour {unknown}
 i - a scroll of immolation {unknown}
 k - 3 scrolls of torment {unknown}
 l - a scroll of magic mapping {unknown}
 m - 2 scrolls of identify {unknown}
 p - a scroll of blinking {unknown}
Potions
 b - a potion of magic
 d - 2 potions of brilliance {unknown}
 e - 3 potions of cancellation
 j - a potion of curing
 n - a potion of degeneration {unknown}
 o - a potion of attraction {unknown}
 q - 2 potions of heal wounds {unknown}
 t - a potion of might {unknown}
 u - a potion of lignification {unknown}


   Skills:
 * Level 1.1 Fighting
 + Level 0.1(1.7) Short Blades
 * Level 2.9 Long Blades
 * Level 2.5 Dodging
 + Level 4.1 Stealth
 * Level 0.2 Shields
 * Level 2.5 Spellcasting
 * Level 4.5 Necromancy
 * Level 0.4 Ice Magic


You had 2 spell levels left.
You knew the following spells:

 Your Spells              Type           Power      Damage    Failure   Level
a - Ozocubu's Armour      Ice            3%         N/A       38%         3
b - Necrotise             Necr           76%        1d7       2%          1
d - Vampiric Draining     Necr           19%        2d7       8%          3

Your spell library contained the following spells:

 Spells                   Type           Power      Damage    Failure   Level
 Slow                     Hex            8%         N/A       16%         1
 Animate Dead             Necr           19%        N/A       24%         4
 Confusing Touch          Hex            2%         N/A       43%         3
 Agony                    Necr           19%        N/A       56%         5
 Metabolic Englaciation   Hex/Ice        1%         N/A       99%         5
 Simulacrum               Ice/Necr       5%         N/A       100%        6


Dungeon Overview and Level Annotations

Branches:
Dungeon (4/15)
 Temple: D:4-7

Altars:
Okawaru

Shops:
D:3 *


Innate Abilities, Weirdness & Mutations

You cannot wear most types of armour.
You are amphibious.
You can wear up to eight rings at the same time.
Your skin changes colour to match your surroundings (Stealth+).
Your rubbery body absorbs attacks. (AC +1, EV +1)
((You are camouflaged when in or above water. (Stealth+)))
You have tentacles for arms and can constrict up to eight enemies at once.


Message History

The orc hits you with a +0 club.
You hit the orc wizard but do no damage.
You grab the orc wizard.
Your tentacle-slap misses the orc wizard.
You constrict the orc wizard. The orc hits you with a +0 dagger.
The orc wizard hits you with a +0 dagger.
The hobgoblin hits you but does no damage.
The orc hits you with a +0 club. The orc hits you with a +0 dagger.
You hit the orc wizard. You burn the orc wizard. You squeeze the orc wizard.
The orc wizard is heavily wounded.
You constrict the orc wizard.
The orc wizard hits you with a +0 dagger.
The hobgoblin hits you. The orc barely misses you. x2
The orc wizard casts a spell at you. The magic dart hits you!
* * * LOW HITPOINT WARNING * * *
The hobgoblin closely misses you.
It was a potion of curing.
You feel better.
You constrict the orc wizard. The orc hits you with a +0 club.
* * * LOW HITPOINT WARNING * * *
The orc hits you with a +0 dagger.
* * * LOW HITPOINT WARNING * * *
The hobgoblin barely misses you.
The orc wizard hits you with a +0 dagger.
* * * LOW HITPOINT WARNING * * *
Okay, then.
Okay, then.
Unknown command.
Casting: Vampiric Draining (quite dangerous; 8% risk of failure)
Confirm with . or Enter, or press ? or * to list all spells.
The spell is quite dangerous to miscast (8% risk of failure)!
Continue anyway?
Aiming: Vampiric Draining (quite dangerous; 8% risk of failure)
Press: ? - help, Shift-Dir - straight line, f - orc wizard
Aim: an orc wizard, wielding a +0 dagger and wearing a +0 robe (severely wounded, constricted by you)
You draw life force from the orc wizard!
You kill the orc wizard!
You feel life coursing into your body. The orc hits you with a +0 club.
* * * LOW HITPOINT WARNING * * *
The orc misses you. The hobgoblin hits you.
You die...

#.........####...##.##
+.........O...g.......
#.........####...#...#
#.......#####.#.#...#
##.....## #...#......
##..)## #.###......
##O## #...#...... #g#
###.#.#...# #@#
...#...# #...~~ooo.#
~~.##### #.#.~~~...#
..# #~~~~...# .#
#~♣~~.... .#
..~~~~.#.##
#...~♣~~..#
###~~~~~~~#


You could see an ogre, 3 orcs and a hobgoblin.

Vanquished Creatures
  A scorpion (D:4)
  A jelly (D:3)
  An orc wizard (D:4)
  6 adders
  A dart slug (D:2)
  An orc (D:4)
  4 endoplasms (D:3)
  A giant cockroach (D:2)
  4 goblins
  6 hobgoblins
  4 jackals (D:1)
  3 quokkas
  10 ball pythons
  9 bats
  3 frilled lizards
  4 kobolds
  5 rats
64 creatures vanquished.

Notes
Turn   | Place    | Note
-------+----------+-------------------------------------------
     0 | D:1      | Esekla the Octopode Necromancer began the quest for the
                  | Orb.
     0 | D:1      | Reached XP level 1. HP: 11/11 MP: 3/3
   220 | D:1      | Reached XP level 2. HP: 17/17 MP: 5/5
  1008 | D:2      | Reached XP level 3. HP: 20/21 MP: 6/6
  1025 | D:1      | Learned a level 3 spell: Vampiric Draining
  1120 | D:2      | Reached skill level 1 in Long Blades
  1411 | D:2      | Reached XP level 4. HP: 27/27 MP: 7/7
  2090 | D:3      | Found Naocats's General Store.
  2158 | D:3      | Learned a level 3 spell: Ozocubu's Armour
  2285 | D:3      | Reached skill level 1 in Fighting
  2285 | D:3      | Reached XP level 5. HP: 32/33 MP: 8/8
  2336 | D:3      | Found an iron altar of Okawaru.
  2480 | D:4      | Noticed a wyvern
  2722 | D:4      | Noticed an ogre
  2748 | D:4      | HP: 1/33 [orc wizard/magic dart (9)]
  2750 | D:4      | Slain by a hobgoblin

Illustrated notes

Levels and vault maps discovered:
D:1:      amcnicky_arrival_wind_blow, layout_basic
D:2:      layout_rooms, corexii_hall_statues_t, minmay_split_cup_small
D:3:      layout_basic, hellmonk_okawaru_the_only_friend_you_need, serial_shops,
          shop, minmay_crystal_room
D:4:      layout_loops_corners, grunt_temple_overflow_opulence,
          serial_bayou_lagoon_a, kennysheep_generic_room_9

Skill      XL: |  1  2  3  4  5 |
---------------+----------------+-----
Stealth        | 3 4 |  4.1
Long Blades    | 1 2 |  2.9
Fighting       | 1 |  1.1
Short Blades   | |  0.1
Dodging        | |  2.5
Shields        | |  0.2
Spellcasting   | |  2.5
Necromancy     | |  4.5
Ice Magic      | |  0.4

Action                     |  1- 3 |  4- 6 || total
---------------------------+-------+-------++-------
  Melee: Long sword        |    50 |    47 ||    97
         Constrict         |     9 |    16 ||    25
         Tentacles         |     5 |    14 ||    19
         Dagger            |       |     8 ||     8
         Punch             |       |     1 ||     1
   Cast: Vampiric Draining |     1 |     1 ||     2
    Use: Potion            |       |     2 ||     2
   Stab: Sleeping          |    13 |    10 ||    23
         Distracted        |       |     1 ||     1
 Armour: Skin              |     4 |     7 ||    11
  Dodge: Dodged            |    26 |    31 ||    57
